 Dungeon Crawl Stone Soup version 0.23.2-40-g277498a001 (webtiles) character file.

Game seed: 5915430567038555975

568 Frank2 the Chopper (level 6, -12/51 HPs)
             Began as a Demigod Gladiator on Sept 6, 2019.
             Mangled by an ogre
             ... wielding a +0 giant club
              (14 damage)
             ... on level 4 of the Dungeon.
             The game lasted 00:03:41 (2284 turns).

Frank2 the Chopper (Demigod Gladiator)              Turns: 2284, Time: 00:03:41

Health: -12/51     AC: 13    Str: 17    XL:     6   Next: 85%
Magic:  9/9        EV:  9    Int: 12    God:
Gold:   238        SH:  0    Dex: 21    Spells: 5/5 levels left

rFire    . . .     SeeInvis .   a - +0 war axe
rCold    . . .     Gourm    .   (no shield)
rNeg     . . .     Faith    .   k - +0 chain mail
rPois    .         Spirit   .   c - +1 helmet
rElec    .         Reflect  .   (no cloak)
rCorr    .         Harm     .   l - +1 pair of gloves
MR       +....                  (no boots)
Stlth    ..........             (no amulet)
HPRegen  0.17/turn              i - ring of protection from magic
MPRegen  0.11/turn              (no ring)

@: no status effects
A: high mp 1
a: no special abilities


You were on level 4 of the Dungeon.
You were not hungry.

You visited 1 branch of the dungeon, and saw 4 of its levels.

You collected 238 gold pieces.

Inventory:

Hand Weapons
 a - a +0 war axe (weapon)
Missiles
 d - 4 throwing nets (quivered)
Armour
 c - a +1 helmet (worn)
 k - a +0 chain mail (worn)
 l - a +1 pair of gloves (worn)
Jewellery
 i - a ring of protection from magic (left hand)
Wands
 n - a wand of flame (12)
Scrolls
 b - 3 scrolls of identify
 g - 2 scrolls of teleportation
 j - a scroll of magic mapping {unknown}
Potions
 e - 2 potions of curing
 h - a potion of haste
Comestibles
 f - 5 rations
 m - 2 chunks of flesh


   Skills:
 + Level 3.0 Fighting
 + Level 5.8 Axes
 - Level 1.7 Throwing
 * Level 2.9 Armour
 + Level 3.2 Dodging
 * Level 0.9 Evocations


You had 5 spell levels left.
You didn't know any spells.
Your spell library was empty.

Dungeon Overview and Level Annotations

Branches:
Dungeon (4/15)
 Temple: D:4-7

Annotations:
D:4 3 runed translucent doors


Innate Abilities, Weirdness & Mutations

You have an increased reservoir of magic. (+10% MP)


Message History

You hit the ogre but do no damage.
The ogre hits you with a +0 giant club!!
You slash the ogre!
The ogre is heavily wounded.
The ogre hits you with a +0 giant club.
You are too injured to fight recklessly!
You are too injured to fight recklessly!
You hit the ogre.
The ogre is heavily wounded.
You hit the ogre.
The ogre is heavily wounded.
The ogre hits you with a +0 giant club.
You barely miss the ogre.
The ogre is heavily wounded.
The ogre hits you with a +0 giant club!
* * * LOW HITPOINT WARNING * * *
You slash the ogre!
The ogre is almost dead.
The ogre hits you with a +0 giant club!
You die...

#.......#####...
####+####.............#
#......<#.............#
.#.......#.............#
.'.......#........>....#
#.......#...†.........# #
#.......#.............#
..#....[O.#.............#
.#.#+###@##.............#
............#####........
#.#.........# #........
.......÷....# #........
.#.#........# #........
............# #........
#.#.######### ....#####
.... .#.


You could see an ogre.

Vanquished Creatures
  A phantom (D:4)
  A bullfrog (D:4)
  A hound (D:4)
  An orc priest (D:2)
  An orc wizard (D:2)
  A centaur skeleton (D:3)
  Natasha (thrice) (D:3)
  5 adders
  7 gnolls
  2 oozes
  5 worms
  2 dart slugs
  2 leopard geckos
  13 orcs
  A ball python (D:2)
  A giant cockroach (D:1)
  6 goblins
  6 hobgoblins
  5 jackals
  9 kobolds
  4 quokkas
  6 bats
  A frilled lizard (D:3)
  10 rats
94 creatures vanquished.

Notes
Turn   | Place    | Note
-------+----------+-------------------------------------------
     0 | D:1      | Frank2 the Demigod Gladiator began the quest for the Orb.
     0 | D:1      | Reached XP level 1. HP: 17/17 MP: 3/3
   257 | D:1      | Reached XP level 2. HP: 20/24 MP: 4/4
   263 | D:1      | Reached skill level 3 in Axes
   651 | D:2      | Reached skill level 1 in Armour
   656 | D:2      | Reached XP level 3. HP: 26/29 MP: 5/5
   788 | D:2      | Reached XP level 4. HP: 25/36 MP: 6/6
   800 | D:2      | Reached skill level 4 in Axes
  1313 | D:2      | Reached XP level 5. HP: 41/42 MP: 7/7
  1522 | D:3      | Noticed Natasha
  1698 | D:3      | Killed Natasha
  1708 | D:3      | Noticed Natasha
  1719 | D:3      | Killed Natasha
  1950 | D:3      | Reached skill level 5 in Axes
  1950 | D:3      | Reached XP level 6. HP: 43/50 MP: 8/8
  2127 | D:3      | Noticed Natasha
  2133 | D:3      | Killed Natasha
  2180 | D:4      | Found a runed translucent gate.
  2183 | D:4      | Found a runed translucent gate.
  2192 | D:4      | Found a runed translucent gate.
  2283 | D:4      | HP: 2/51 [ogre/+0 giant club (16)]
  2284 | D:4      | Mangled by an ogre

Skill      XL: |  1  2  3  4  5  6 |
---------------+-------------------+-----
Axes           | 3 4 5 |  5.8
Dodging        | 3 |  3.2
Fighting       | 2 3 |  3.0
Armour         | 1 2 |  2.9
Throwing       | |  1.7
Evocations     | |  0.9

Action                   |  1- 3 |  4- 6 || total
-------------------------+-------+-------++-------
Melee: War axe           |    87 |   206 ||   293
  Use: Scroll            |     3 |     6 ||     9
 Stab: Sleeping          |     2 |       ||     2
  Eat: Chunk             |       |     5 ||     5
Armor: Leather armour    |    24 |       ||    24
       Chain mail        |    23 |   150 ||   173
Dodge: Dodged            |    70 |   103 ||   173
